[Event "Early-Titled-Tuesday-Blitz-October-10-2023"]
[Site "Chess.com"]
[Date "2023.10.10"]
[Round "10"]
[White "a-z30"]
[Black "invisible_s0ul"]
[Result "1-0"]
[WhiteElo "2468"]
[BlackElo "2299"]
[TimeControl "180+1"]
[EndTime "9:54:07 PDT"]
[Termination "a-z30 won by resignation"]

1. c4 c5 2. Nf3 Nf6 3. Nc3 Nc6 4. e3 d5 5. cxd5 Nxd5 6. Bc4 e6 7. O-O Be7 8. d4 cxd4 9. exd4 Nb6 10. Bd3 Bf6 11.
Be3 O-O 12. a3 Kh8 13. Bc2 g6 14.
Qe2 Nd5 15. Bh6 Re8 16. Ne4 Bg7 17. Qd2 Nf6 18. Neg5 Qe7 19. Bxg7+ Kxg7 20. Ne5 Nxe5 21. dxe5 Nd7 22. f4 h6 23. Ne4 Nc5 24. Nd6 Rd8 25. b4 Nd7 26. Rac1 Nb6 27. Be4 Nd5 28. Bxd5 exd5 29. Qxd5 Be6 30. Qxb7 Qh4 31. Qf3 Rd7 32. h3 Rad8 33. Kh2 Qe7 34. Rc3 Rc7 35. Rfc1 Rdd7 36.
Rxc7 Rxc7 37. Rxc7 Qxc7 38. Ne8+ 1-0

[Event "Early-Titled-Tuesday-Blitz-October-10-2023"]
[Site "Chess.com"]
[Date "2023.10.10"]
[Round "10"]
[White "NovozhilovSemen"]
[Black "valemava"]
[Result "1-0"]
[WhiteElo "2628"]
[BlackElo "2319"]
[TimeControl "180+1"]
[EndTime "9:54:09 PDT"]
[Termination "NovozhilovSemen won by checkmate"]

1. d4 c6 2. c4 b5 3. cxb5 cxb5 4. Nf3 Bb7 5. e3 a6 6. Bd3 Nf6 7. O-O g6 8. a4 b4 9. Nbd2 Bg7 10. e4 a5 11. b3 O-O 12. Qe2 d6 13. Bb2 Ba6 14.
Rac1 Bxd3 15. Qxd3 Nbd7 16. h3 d5 17. e5 Ne8 18. Rc6 Nc7 19. Rfc1 Ne6 20. Nf1 Bh6 21. Rd1 Nb8 22. Rc2 Qd7 23. Ne3 Nc6 24. Qb5 Rfc8 25. Rdc1 Bxe3 26. fxe3 Ned8 27. Ne1 Rab8 28. Qe2 f6 29.
Nd3 Qf5 30. Nc5 fxe5 31. dxe5 Nxe5 32. Bxe5 Qxe5 33. Nd7 Rxc2 34. Rxc2 Qa1+ 35. Kh2 Rb7 36. Qg4 Nf7 37. Qe6 Rxd7 38. Qxd7 Qe5+ 39. g3 Qxe3 40. Qxd5 Kg7 41. Kg2 Nd6 42. Qf3 Qe6 43. Re2 Qd7 44.
g4 Nf7 45. Qe4 e5 46. Rf2 Qe6 47. h4 Qxb3 48. g5 Qxa4 49. Qf3 Qe8 50. Qf6+ Kg8 51. h5 Nh8 52. h6 Qa8+ 53. Kh2 Qa7 54. Qf8# 1-0

[Event "Early-Titled-Tuesday-Blitz-October-10-2023"]
[Site "Chess.com"]
[Date "2023.10.10"]
[Round "10"]
[White "Rsnr"]
[Black "GMBenjaminBok"]
[Result "1-0"]
[WhiteElo "2870"]
[BlackElo "3009"]
[TimeControl "180+1"]
[EndTime "9:54:11 PDT"]
[Termination "Rsnr won by checkmate"]

1. d4 Nf6 2. c4 e6 3. Nf3 b6 4. a3 Bb7 5. Nc3 d5 6. Bg5 Be7 7. Bxf6 Bxf6 8. cxd5 exd5 9. g3 O-O 10.
Bg2 Na6 11. O-O c5 12. Rc1 Qe7 13. Re1 Rfd8 14. e3 Nc7 15. Qc2 Ne6 16. Rcd1 Rac8 17. h4 g6 18. Qd3 a6 19. Ne5 Bxe5 20. dxe5 d4 21. exd4 Nxd4 22. Bxb7 Qxb7 23. Ne4 Kg7 24. h5 gxh5 25. Qe3 Qc6 26. Nd6 Rxd6 27. exd6 Qxd6 28. Kg2 Qg6 29. Qe5+ Kg8 30. Re4 Rf8 31. Rh1 f5 32. Qd5+ Kh8 33. Re7 f4 34. Qe5+ Kg8 35. Rxh5 fxg3 36.
Rg5 Rxf2+ 37. Kxg3 Nf5+ 38. Kxf2 Qxg5 39. Re8+ Kf7 40.
Qe6+ Kg7 41. Rg8# 1-0

[Event "Early-Titled-Tuesday-Blitz-October-10-2023"]
[Site "Chess.com"]
[Date "2023.10.10"]
[Round "10"]
[White "djokovic74"]
[Black "frederiksvane"]
[Result "1-0"]
[WhiteElo "2764"]
[BlackElo "2890"]
[TimeControl "180+1"]
[EndTime "9:54:11 PDT"]
[Termination "djokovic74 won by checkmate"]

1. c4 e6 2. Nf3 d5 3. g3 d4 4. Bg2 Nc6 5. O-O Bc5 6. d3 Bf8 7. e3 dxe3 8. Bxe3 Nf6 9. h3 Be7 10. d4 O-O 11. Nc3 Re8 12. Rc1 Bf8 13. Ne5 Ne7 14. g4 Ng6 15. f4 c6 16. g5 Nd7 17.
Qh5 c5 18. Rcd1 cxd4 19. Bxd4 Ndxe5 20. Bxe5 Qb6+ 21. Kh1 a6 22. Ne4 Qa5 23. b3 Rd8 24. Rxd8 Qxd8 25. Rd1 Qa5 26. c5 Be7 27. Bxg7 Kxg7 28.
Qh6+ Kh8 29. Nf6 Nf8 30. Nh5 Qc3 31. Rd8 Kg8 32. Nf6+ Bxf6 33. Qxf8# 1-0

[Event "Early-Titled-Tuesday-Blitz-October-10-2023"]
[Site "Chess.com"]
[Date "2023.10.10"]
[Round "10"]
[White "Juicy_Fork"]
[Black "Austen48"]
[Result "0-1"]
[WhiteElo "2429"]
[BlackElo "2295"]
[TimeControl "180+1"]
[EndTime "9:54:11 PDT"]
[Termination "Austen48 won by checkmate"]

1. e4 c5 2. Nf3 e6 3. d4 cxd4 4.
Nxd4 a6 5. c4 Nf6 6. Nc3 Qc7 7.
a3 b6 8. f4 Bb7 9. Bd3 Bc5 10.
Nc2 d5 11. e5 dxc4 12. exf6 cxd3 13. fxg7 Rg8 14. Qxd3 Rxg7 15. Be3 Rxg2 16. O-O-O Nd7 17. Rhg1 Rxg1 18. Rxg1 O-O-O 19. Bxc5 Nxc5 20. Qe3 Nd3+ 21. Kb1 Nxf4 22. Rf1 e5 23. Nb4 Qc5 24. Qg3 a5 25.
Nc2 Qc4 26. Rc1 Qd3 27. Qf2 Rd6 28. Ka1 Qd2 29. Qg1 Kb8 30. Ne3 Ba6 31. Nf5 Rd8 32. Qxb6+ Bb7 33. Na2 Ne2 34. Qc7+ Ka8 35. Rb1 Rc8 36.
Qb6 Nd4 37. Nd6 Nc2# 0-1

[Event "Early-Titled-Tuesday-Blitz-October-10-2023"]
[Site "Chess.com"]
[Date "2023.10.10"]
[Round "10"]
[White "WelshTiger"]
[Black "Bilan_Danila"]
[Result "1-0"]
[WhiteElo "2446"]
[BlackElo "2579"]
[TimeControl "180+1"]
[EndTime "9:54:14 PDT"]
[Termination "WelshTiger won on time"]

1. e4 c6 2. d4 d5 3. Nd2 dxe4 4. Nxe4 Bf5 5. Ng3 Bg6 6. Nh3 e5 7. dxe5 Qa5+ 8. Qd2 Qxe5+ 9. Be2 Nf6 10. O-O Bc5 11. c3 O-O 12. Qf4 Nbd7 13. Qxe5 Nxe5 14. Nf4 Bc2 15. b4 Bb6 16. a4 a5 17. b5 Rfe8 18.
bxc6 bxc6 19. Ra2 Be4 20. Ba3 Nfg4 21. Nxe4 f5 22. Nc5 Rad8 23. h3 Nf6 24. Rd1 Rxd1+ 25.
Bxd1 g5 26. Bb3+ Kg7 27. Nfe6+ Kg6 28. Re2 Nf7 29. Nd4 Rxe2 30. Nxe2 Bxc5 31. Bxc5 Ne4 32.
Bxf7+ Kxf7 33. Bb6 Ke6 34. Bxa5 Kd5 35. Bb6 Kc4 36. Bd4 c5 37. Bg7 Kd3 38. Ng3 Nxc3 39. Nxf5 Nxa4 40. Bf6 c4 41. Bxg5 c3 42. h4 c2 43. Kf1 Nc3 44. Ke1 Ne4 45. Bf4 Nf6 46. f3 Nd5 47. Bd2 Nb4 48. g4 Na2 49. g5 c1=Q+ 50.
Bxc1 Nxc1 51. h5 Kc4 52. g6 Nd3+ 53. Kf1 hxg6 54. hxg6 1-0

[Event "Early-Titled-Tuesday-Blitz-October-10-2023"]
[Site "Chess.com"]
[Date "2023.10.10"]
[Round "10"]
[White "mr_gustavo"]
[Black "ozates"]
[Result "0-1"]
[WhiteElo "2648"]
[BlackElo "2779"]
[TimeControl "180+1"]
[EndTime "9:54:16 PDT"]
[Termination "ozates won by resignation"]

1. e4 e5 2. Nf3 Nc6 3. Nc3 g6 4. Bc4 Bg7 5. d3 Nge7 6. a4 O-O 7. O-O d6 8. Nd5 h6 9. c3 Kh7 10. d4 exd4 11. Nxd4 Nxd4 12. cxd4 c6 13. Nxe7 Qxe7 14. Re1 Be6 15. Bxe6 fxe6 16. d5 exd5 17. exd5 Qf6 18. Be3 c5 19. Qd3 Rae8 20. Rab1 Qf5 21. Qc4 Re4 22. Qb5 Rf7 23. Rbd1 Rb4 24. Qe8 Rxb2 25.
Qe6 c4 26. Qxd6 c3 27. Rc1 Rd2 28. Red1 Rxd1+ 29. Rxd1 c2 30. Rf1 Bb2 31. Qc5 b6 32. Qc4 Be5 33. Rc1 Rc7 34. Qf1 Bb2 35. Re1 Qxd5 36.
Bc1 Bxc1 37. Rxc1 Qd2 38. h4 Rd7 39. Kh2 Qd1 40. h5 Qxf1 0-1

[Event "Early-Titled-Tuesday-Blitz-October-10-2023"]
[Site "Chess.com"]
[Date "2023.10.10"]
[Round "10"]
[White "Larina_Maria"]
[Black "Better_Chess_Faster"]
[Result "1-0"]
[WhiteElo "2203"]
[BlackElo "2058"]
[TimeControl "180+1"]
[EndTime "9:54:17 PDT"]
[Termination "Larina_Maria won on time"]

1. e4 Nf6 2. Nc3 e5 3. Nf3 Nc6 4. Bb5 Nd4 5. O-O Bc5 6. Nxe5 O-O 7. Nd3 d6 8. Nxc5 dxc5 9. d3 c6 10. Bc4 b5 11. Bb3 a5 12. a3 Bg4 13. f3 Nxb3 14.
cxb3 Be6 15. Ne2 Qd7 16. Be3 Rfd8 17. Nf4 Qd6 18. Qc2 Nd7 19. Rfd1 a4 20. bxa4 bxa4 21. Nxe6 fxe6 22. Rac1 Rdb8 23. d4 cxd4 24. Rxd4 Qc7 25. Qxc6 Qxc6 26. Rxc6 Ne5 27. Rxe6 Ng6 28. Rd2 Rb3 29.
Kf2 Rab8 30. Bd4 Nf4 31. Ra6 Nd3+ 32. Kg3 Nxb2 33. Bxb2 Rxb2 34. Rxb2 Rxb2 35. Rxa4 Ra2 36. h4 Kf7 37. Ra6 g6 38. a4 h5 39. a5 Ke7 40. Ra7+ Kf6 41. a6 Ra5 42. Ra8 Kg7 43.
a7 Ra2 44. Kf4 Ra5 45. e5 Ra4+ 46. Kg5 Ra5 47. f4 Ra2 48. g3 Ra3 49. g4 Rg3 50. Rg8+ Kh7 51. a8=Q Rxg4+ 52. Kf6 Rxf4+ 53. Ke6 1-0

[Event "Early-Titled-Tuesday-Blitz-October-10-2023"]
[Site "Chess.com"]
[Date "2023.10.10"]
[Round "10"]
[White "esrosenberg"]
[Black "Sergey85Rodchenkov"]
[Result "0-1"]
[WhiteElo "2379"]
[BlackElo "2503"]
[TimeControl "180+1"]
[EndTime "9:54:18 PDT"]
[Termination "Sergey85Rodchenkov won by checkmate"]

1. d4 d5 2. Nf3 Nf6 3. g3 c6 4.
Bg2 Bg4 5. O-O Nbd7 6. c4 e6 7.
Qc2 h6 8. Nbd2 Be7 9. e4 dxe4 10. Nxe4 Nxe4 11. Qxe4 Nf6 12. Qe3 Bf5 13. b3 O-O 14.
Bb2 a5 15. a3 Qb6 16. Ne5 Rfd8 17. h3 Nd7 18. g4 Bh7 19. Nf3 Bf6 20. Rad1 Nf8 21. Rfe1 Qc7 22. h4 Be7 23. g5 h5 24.
Ne5 Bf5 25. Bf3 f6 26. Nd3 fxg5 27. hxg5 Nh7 28. g6 Ng5 29. Bxh5 Rf8 30. Ne5 Bf6 31. f4 Nh3+ 32. Kh2 Bxe5 33. dxe5 Qe7 34. Qg3 Rad8 35.
Rxd8 Qxd8 36. Re2 Nxf4 37. Qxf4 Bd3 38. Qd4 Bxe2 39. Bxe2 Qg5 40. Qg1 Qh4+ 41. Kg2 Qe4+ 42. Kh3 Qxe2 43. Qg4 Rf3+ 44. Kh4 Qh2+ 45. Kg5 Qh6# 0-1

[Event "Early-Titled-Tuesday-Blitz-October-10-2023"]
[Site "Chess.com"]
[Date "2023.10.10"]
[Round "10"]
[White "Treasurechess777"]
[Black "DarZay"]
[Result "1-0"]
[WhiteElo "2389"]
[BlackElo "2232"]
[TimeControl "180+1"]
[EndTime "9:54:18 PDT"]
[Termination "Treasurechess777 won by resignation"]

1. Nf3 d5 2. e3 Nf6 3. b3 c5 4. Bb2 Nc6 5. d4 e6 6. a3 Be7 7. Bd3 O-O 8. Nbd2 cxd4 9. exd4 h6 10. O-O Bd6 11. g3 Re8 12. Qe2 Qc7 13. Ne5 b6 14.
f4 Bb7 15. Rac1 Nd7 16. Ndf3 f6 17. Ng6 e5 18. fxe5 fxe5 19. Bf5 exd4 20. Be6+ Kh7 21. Qd3 Rxe6 22. Nf8+ Kg8 23. Qh7+ Kxf8 24. Ng5+ Rf6 25. Ne6+ Kf7 26. Nxc7 Bxc7 27. Qd3 Nc5 28. Rxf6+ gxf6 29. Qh7+ Ke6 30. Qxc7 Rg8 31. Re1+ Kf5 32. b4 Rc8 33.
Qf4+ Kg6 34. bxc5 bxc5 35. Re6 Rf8 36. Bc1 Ne5 37. Qxe5 Bc8 38. Rd6 Rd8 39. Qxf6+ 1-0

[Event "Early-Titled-Tuesday-Blitz-October-10-2023"]
[Site "Chess.com"]
[Date "2023.10.10"]
[Round "10"]
[White "Shuvalov"]
[Black "borocotoajua"]
[Result "1-0"]
[WhiteElo "2488"]
[BlackElo "2562"]
[TimeControl "180+1"]
[EndTime "9:54:19 PDT"]
[Termination "Shuvalov won by resignation"]

1. d4 Nf6 2. c4 g6 3. Nc3 Bg7 4.
e4 d6 5. Nf3 O-O 6. Be2 e5 7. O-O Nc6 8. d5 Ne7 9. Ne1 Nd7 10. f3 f5 11. g4 Nf6 12. Nd3 c6 13.
Be3 cxd5 14. cxd5 Bd7 15. Nf2 a6 16. a4 Rc8 17. Qb3 fxg4 18. fxg4 h5 19. g5 Nh7 20. h4 Rf4 21. Bxf4 exf4 22. Nd3 b5 23. axb5 Qb6+ 24. Kg2 Qe3 25. Nxf4 Bxc3 26. bxc3 Rxc3 27. Rf3 Qxf3+ 28. Bxf3 Rxb3 29. bxa6 Rb8 30. a7 Ra8 31. e5 dxe5 32.
d6 Nc6 33. Nxg6 Rxa7 34. Rxa7 Nxa7 35. Nxe5 Nf8 36. Bxh5 Nc8 37. Nxd7 Nxd7 38. Bg4 Ncb6 39. Kg3 Ne5 40. Be6+ Kg7 41. h5 Nc6 42. d7 Nd8 43. Bf5 Nd5 44. h6+ Kf7 45. g6+ Kf6 46. g7 Ne7 47. Bd3 Ng8 48. h7 Kxg7 49. hxg8=Q+ Kxg8 50. Kf4 Kf7 51. Ke5 Ke7 52. Bf5 Nf7+ 53. Kd5 Nd8 54.
Bh3 Nf7 55. Kc6 Nd8+ 56. Kc7 Nf7 57. Bg2 Nd8 58. Bd5 1-0

[Event "Early-Titled-Tuesday-Blitz-October-10-2023"]
[Site "Chess.com"]
[Date "2023.10.10"]
[Round "10"]
[White "AleksandrAleksikov"]
[Black "Karttunen"]
[Result "1-0"]
[WhiteElo "2258"]
[BlackElo "2601"]
[TimeControl "180+1"]
[EndTime "9:54:19 PDT"]
[Termination "AleksandrAleksikov won on time"]

1. e4 c5 2. Nf3 d6 3. d4 cxd4 4. Nxd4 Nf6 5. Nc3 a6 6. Be2 e5 7.
Nb3 Be7 8. Bg5 Nbd7 9. O-O h6 10. Be3 O-O 11. a4 b6 12. Re1 Bb7 13. Bf3 Rc8 14.
Qd3 Qc7 15. Rad1 Rfd8 16. Rd2 Nc5 17. Nxc5 dxc5 18. Qc4 Rd4 19. Bxd4 cxd4 20. Qxc7 Rxc7 21. Na2 Bc8 22. Bd1 Be6 23. b3 Ba3 24. f3 b5 25.
axb5 axb5 26. Be2 b4 27. Rb1 g5 28. Nc1 Nd7 29. Nd3 f6 30. g3 Kf7 31. h4 Ke7 32. Kh2 Rc3 33. Bf1 h5 34. hxg5 fxg5 35. Bh3 g4 36. fxg4 hxg4 37. Bf1 Kd6 38. Kg1 Nf6 39.
Bg2 Rc7 40. Rf1 Nd7 41. Rdf2 Ke7 42. Re2 Rc8 43. Rff2 Rc7 44. Bf1 Rc8 45. Rh2 Rf8 46.
Ref2 Rc8 47. Rh7+ Kd6 48. Rh6 Ke7 49. Be2 Rg8 50. Bd1 Rg7 51. Rf1 Rg8 52. Rf2 Rg7 53. Rfh2 Kd6 54. Rh7 Rg8 55. R2h6 Rg5 56. Nf2 1-0

[Event "Early-Titled-Tuesday-Blitz-October-10-2023"]
[Site "Chess.com"]
[Date "2023.10.10"]
[Round "10"]
[White "Likvidator228"]
[Black "Rodalquilar"]
[Result "0-1"]
[WhiteElo "2567"]
[BlackElo "2743"]
[TimeControl "180+1"]
[EndTime "9:54:20 PDT"]
[Termination "Rodalquilar won by checkmate"]

1. d4 d5 2. c4 e6 3. Nc3 a6 4.
cxd5 exd5 5. Nf3 Nf6 6. Bg5 Be6 7. e3 Nbd7 8. Bd3 Bd6 9. O-O c6 10. Bf4 Qc7 11. Bxd6 Qxd6 12. Rb1 h6 13. b4 O-O 14. a4 b5 15. a5 Rfe8 16. h3 Rac8 17. Ne2 Ne4 18. Qc2 Ndf6 19. Nf4 Rc7 20. Ne5 Bc8 21.
f3 Ng3 22. Rfe1 g5 23. Ne2 Nxe2+ 24. Qxe2 Rce7 25. Rbc1 Bb7 26. Rc5 Nd7 27. Nxd7 Rxe3 28. Qxe3 Rxe3 29. Rxe3 Qxd7 30. Kf2 Qd6 31. g3 Qf6 32.
Re5 Kg7 33. Bf5 h5 34. Rc1 Qd6 35. Rc5 h4 36. gxh4 gxh4 37. Bg4 Qh6 38. Rc2 Qd6 39. Rb2 Qc7 40. Ke2 f6 41. Re6 Qh2+ 42. Kd3 Qxb2 43. Re7+ Kg6 44. Rxb7 Qb3+ 45. Ke2 Qc4+ 46. Ke3 Qc3+ 47.
Kf4 Qxd4# 0-1

[Event "Early-Titled-Tuesday-Blitz-October-10-2023"]
[Site "Chess.com"]
[Date "2023.10.10"]
[Round "10"]
[White "LUISMIGUELOV"]
[Black "maracayo"]
[Result "0-1"]
[WhiteElo "2156"]
[BlackElo "2377"]
[TimeControl "180+1"]
[EndTime "9:54:22 PDT"]
[Termination "maracayo won by resignation"]

1. d4 Nf6 2. c3 d6 3. Bg5 e5 4.
dxe5 dxe5 5. Qxd8+ Kxd8 6. Bxf6+ gxf6 7. Nd2 Be6 8. e3 Nd7 9. Bc4 Nc5 10. Bxe6 fxe6 11. Ke2 c6 12. Rd1 Kc7 13. Ngf3 Bg7 14.
Nb3 Na4 15. Rb1 c5 16. c4 e4 17. Nfd2 f5 18. g3 b6 19. f3 Bxb2 20. fxe4 Nc3+ 21.
Kf3 fxe4+ 22. Nxe4 Raf8+ 23. Kg2 Nxb1 24. Rxb1 Bf6 25.
Nbd2 Be7 26. Nf3 h5 27. h4 Rf5 28. Rd1 Rd8 29. Rxd8 Bxd8 30. a4 a6 31. Nfd2 Kc6 32. Nb3 Be7 33. a5 b5 34. cxb5+ Kxb5 35. g4 hxg4 36. Kg3 Kb4 37. Nbd2 c4 38. Kxg4 c3 39.
Nxc3 Kxc3 40. Ne4+ Kd3 41. h5 Kxe4 42. h6 Rg5+ 0-1

[Event "Early-Titled-Tuesday-Blitz-October-10-2023"]
[Site "Chess.com"]
[Date "2023.10.10"]
[Round "10"]
[White "kingapolak"]
[Black "Happy1712Drummer"]
[Result "0-1"]
[WhiteElo "2055"]
[BlackElo "2362"]
[TimeControl "180+1"]
[EndTime "9:54:23 PDT"]
[Termination "Happy1712Drummer won on time"]

1. e4 c5 2. Nf3 d6 3. d4 cxd4 4. Nxd4 Nf6 5. Nc3 g6 6. Be3 Bg7 7. f3 a6 8. Qd2 h5 9. O-O-O b5 10.
Kb1 Nbd7 11. Nd5 Bb7 12. Nxf6+ Nxf6 13. Rg1 Rc8 14. Bd3 Qc7 15. Nb3 Nd7 16. f4 Nc5 17.
Nxc5 dxc5 18. e5 c4 19. Be2 Be4 20. Bd4 Bf5 21. Ka1 e6 22. c3 Bf8 23. g4 hxg4 24.
Bxg4 Bxg4 25. Rxg4 Be7 26. Rdg1 Qc6 27. Qc2 Rd8 28. Kb1 Qf3 29. Qd2 Bc5 30. Ka1 Bxd4 31.
cxd4 Qe4 32. f5 Qxf5 33. Rf4 Qd3 34. Qxd3 cxd3 35. h4 Rd5 36. Kb1 Ke7 37. Rd1 Rhd8 38. Rxd3 Rxe5 39. Kc2 Re1 40. Kb3 Rh1 0-1

[Event "Early-Titled-Tuesday-Blitz-October-10-2023"]
[Site "Chess.com"]
[Date "2023.10.10"]
[Round "10"]
[White "sokidze"]
[Black "HajiyevKanan"]
[Result "1-0"]
[WhiteElo "2785"]
[BlackElo "2577"]
[TimeControl "180+1"]
[EndTime "9:54:24 PDT"]
[Termination "sokidze won on time"]

1. d4 d5 2. c4 c6 3. Nf3 Nf6 4. g3 a6 5. Nbd2 Bf5 6. Nh4 Bg4 7. Qb3 b5 8. cxd5 Qxd5 9. Nhf3 e6 10. Bg2 Qxb3 11. Nxb3 Nbd7 12. O-O Rc8 13. h3 Bf5 14. Nfd2 Be7 15. e4 Bg6 16. f4 h5 17. e5 Nd5 18.
Ne4 Bxe4 19. Bxe4 c5 20. dxc5 Nxc5 21. Bxd5 exd5 22. Be3 Ne4 23. Rac1 Rxc1 24. Rxc1 Nxg3 25. Rc8+ Bd8 26. Nd4 Kd7 27. Ra8 Rh6 28. f5 Bb6 29.
Bxh6 Bxd4+ 30. Kg2 Nxf5 31. Bf4 Bxb2 32. Rxa6 Bc3 33.
Kf3 b4 34. Ke2 g6 35. Kd3 Ke8 36. a4 Nd4 37. Bd2 Nb3 38. Ra8+ Kd7 39. Bxc3 bxc3 40.
Kxc3 Nc5 41. Kd4 Kc6 42. Rc8+ Kb6 43. Rxc5 1-0

[Event "Early-Titled-Tuesday-Blitz-October-10-2023"]
[Site "Chess.com"]
[Date "2023.10.10"]
[Round "10"]
[White "karinachess1"]
[Black "subham777"]
[Result "1-0"]
[WhiteElo "2626"]
[BlackElo "2511"]
[TimeControl "180+1"]
[EndTime "9:54:26 PDT"]
[Termination "karinachess1 won on time"]

1. d4 d5 2. c4 e6 3. Nc3 Nf6 4. Nf3 Be7 5. Bg5 O-O 6. e3 Ne4 7. Bxe7 Qxe7 8. Qc2 f5 9. Bd3 c6 10. O-O-O Nd7 11. h3 Ndf6 12. Ne5 c5 13. g4 cxd4 14. exd4 Nxc3 15. Qxc3 Ne4 16. Qc2 Bd7 17. f3 Nd6 18.
c5 Nb5 19. Be2 Rac8 20. Kb1 Be8 21. a4 Nc7 22. Bd3 Na6 23. Qd2 Bxa4 24. Rde1 Nb4 25. Qxb4 Be8 26. gxf5 b6 27. fxe6 bxc5 28. dxc5 Rxc5 29.
Qd4 Ra5 30. Rhg1 Ra4 31. Qc3 Rb4 32. Nd7 Rff4 33. Rg3 d4 34. Qd2 g6 35. Qxf4 Rb7 36.
Qxd4 Bxd7 37. Rgg1 Be8 38. Bc4 Rb4 39. Qc3 a5 40.
Bd5 a4 41. Rc1 h5 42. Rge1 1-0

[Event "Early-Titled-Tuesday-Blitz-October-10-2023"]
[Site "Chess.com"]
[Date "2023.10.10"]
[Round "10"]
[White "DvaHrasta"]
[Black "DawidCzerw"]
[Result "1-0"]
[WhiteElo "2462"]
[BlackElo "2528"]
[TimeControl "180+1"]
[EndTime "9:54:27 PDT"]
[Termination "DvaHrasta won on time"]

1. c4 c5 2. g3 Nc6 3. Bg2 g6 4.
Nc3 Bg7 5. Nf3 h5 6. d3 Nh6 7. e4 Ng4 8. h3 Nge5 9. Nxe5 Nxe5 10. Be3 d6 11. d4 Nxc4 12. Qa4+ Bd7 13. Qxc4 b5 14. Nxb5 Qb6 15. Nc3 cxd4 16. Nd5 Qxb2 17. Nc7+ Kf8 18. O-O Rc8 19. Rab1 Qa3 20. Bxd4 Qa5 21.
Bxg7+ Kxg7 22. Rfc1 Kh7 23. Qxf7+ Kh6 24. Nd5 Rhf8 25.
Qxe7 Qd2 26. Rxc8 Qxf2+ 27. Kh2 Rf7 28. Qh4 Bxc8 29. Qd8 Be6 30. Rf1 Qxf1 31. Bxf1 Rxf1 32. Qh8+ Kg5 33. h4+ Kg4 34. Nf6+ Kf3 35. Qb8 Rf2+ 36. Kg1 Rg2+ 37. Kf1 Bc4+ 38. Ke1 Ke3 39. Qxa7+ Kd3 40. Qa3+ Kd4 41. Qxd6+ Kc3 42. Qc5 1-0

[Event "Early-Titled-Tuesday-Blitz-October-10-2023"]
[Site "Chess.com"]
[Date "2023.10.10"]
[Round "10"]
[White "Iskusnyh"]
[Black "chenrip"]
[Result "0-1"]
[WhiteElo "2577"]
[BlackElo "2500"]
[TimeControl "180+1"]
[EndTime "9:54:29 PDT"]
[Termination "chenrip won on time"]

1. d4 d5 2. c4 e5 3. dxe5 d4 4.
Nf3 Nc6 5. Nbd2 Be6 6. g3 Qd7 7. Bg2 O-O-O 8. O-O h6 9. a3 Nge7 10. b4 Ng6 11. Qa4 Kb8 12. Nb3 Ncxe5 13. Qxd7 Nxf3+ 14. Bxf3 Rxd7 15. Rd1 Bxc4 16. Na5 Bd5 17. Rxd4 c6 18.
Bxd5 Rxd5 19. Rxd5 cxd5 20. Bb2 f6 21. Rd1 Ne7 22. e4 b6 23. Nb3 dxe4 24. Rd8+ Kc7 25. Re8 Kd7 26. Rb8 Nc8 27. Rb7+ Kc6 28. Rf7 Ne7 29.
Nd4+ Kd5 30. b5 h5 31. h4 Kd6 32. a4 Kd7 33. Nf5 Ke6 34. Rxf8 Rxf8 35. Nxg7+ Kf7 36. Nxh5 Nd5 37. Kg2 Rc8 38. g4 Rc2 39. Bd4 Rc4 40. Bb2 Rxa4 41. Kg3 Rb4 42. Ba1 Rb3+ 43. Kg2 Rxb5 44. Ng3 Rb4 45. Nf5 Rb3 46. h5 Nf4+ 47.
Kh2 Rh3+ 48. Kg1 Ra3 49. Bd4 Ke6 0-1

[Event "Early-Titled-Tuesday-Blitz-October-10-2023"]
[Site "Chess.com"]
[Date "2023.10.10"]
[Round "10"]
[White "Itk04"]
[Black "Djager97"]
[Result "0-1"]
[WhiteElo "2740"]
[BlackElo "2619"]
[TimeControl "180+1"]
[EndTime "9:54:30 PDT"]
[Termination "Djager97 won by checkmate"]

1. c4 Nf6 2. d4 c5 3. d5 d6 4. Nc3 g6 5. g3 Bg7 6. Bg2 O-O 7.
Nf3 e6 8. O-O exd5 9. cxd5 Re8 10. Re1 a6 11. a4 Ne4 12. Nxe4 Rxe4 13. Qc2 Rb4 14. Ra2 b5 15. axb5 Rxb5 16. Bd2 Bf5 17. e4 Bg4 18. Bc3 Bxf3 19. Bxf3 Nd7 20. Be2 Rb6 21.
Ba5 h5 22. Bxb6 Qxb6 23. b3 h4 24. Kg2 Qb4 25. Rd1 Nf6 26. Ra4 Qb6 27. Qc4 a5 28. Rc1 Re8 29. Bf3 Nd7 30. Qc2 Ne5 31. Be2 Qd8 32. f4 Nd7 33. Bb5 Re7 34. Bxd7 Qxd7 35. Rxa5 f5 36. Ra8+ Kh7 37. exf5 gxf5 38. g4 Re4 39.
Rf1 h3+ 40. Kh1 Qe7 41. gxf5 Bf6 42. Ra7 Qxa7 43. Qxe4 Qa6 44. Qc4 Qa2 45. Qd3 Qg2# 0-1

[Event "Early-Titled-Tuesday-Blitz-October-10-2023"]
[Site "Chess.com"]
[Date "2023.10.10"]
[Round "10"]
[White "Grossboss19"]
[Black "DTChess"]
[Result "1-0"]
[WhiteElo "2530"]
[BlackElo "2614"]
[TimeControl "180+1"]
[EndTime "9:54:30 PDT"]
[Termination "Grossboss19 won by resignation"]

1. Nf3 Nf6 2. b3 g6 3. Bb2 Bg7 4. c4 O-O 5. d4 b6 6. e3 Bb7 7. Nbd2 e6 8. Bd3 d5 9. O-O c6 10. e4 dxe4 11. Nxe4 Nxe4 12. Bxe4 Nd7 13. Ne5 Nxe5 14.
dxe5 Qc7 15. f4 c5 16. Qf3 Bxe4 17. Qxe4 Rad8 18. Rad1 Rxd1 19. Rxd1 Rd8 20. Qe2 h5 21. Rd2 Bf8 22. Qd1 Rxd2 23. Qxd2 Be7 24. g3 Qc6 25. Qd3 a6 26. a4 Kg7 27. h3 Kf8 28. g4 hxg4 29.
hxg4 Ke8 30. Kh2 g5 31. f5 exf5 32. gxf5 Qh6+ 33. Kg2 Qh4 34. Qf3 Qe1 35. Bc3 Qc1 36. e6 fxe6 37. fxe6 Qc2+ 38. Kf1 Qc1+ 39. Ke2 Qc2+ 40.
Bd2 Qg6 41. Qc6+ Kf8 42. Qc8+ Qe8 43. Qb7 Qh5+ 44. Kd3 Qg6+ 45. Qe4 Qf6 46. Kc2 Kg8 47. a5 bxa5 48. Bxa5 Qf2+ 49. Bd2 Qf6 50. Bc3 Qf2+ 51. Kb1 Qf1+ 52. Ka2 Kf8 53. Qa8+ 1-0

[Event "Early-Titled-Tuesday-Blitz-October-10-2023"]
[Site "Chess.com"]
[Date "2023.10.10"]
[Round "10"]
[White "Barmen_EV"]
[Black "SharapovEvgeny"]
[Result "1-0"]
[WhiteElo "2514"]
[BlackElo "2606"]
[TimeControl "180+1"]
[EndTime "9:54:30 PDT"]
[Termination "Barmen_EV won by resignation"]

1. e4 c5 2. c3 Nf6 3. e5 Nd5 4. d4 cxd4 5. Nf3 Nc6 6. cxd4 d6 7. Bc4 Nb6 8. Bb5 dxe5 9. Nxe5 Bd7 10. Nc3 Nxe5 11. dxe5 Bxb5 12. Nxb5 Qxd1+ 13. Kxd1 O-O-O+ 14. Ke2 a6 15. Be3 Nd5 16. Rac1+ Kb8 17. Ba7+ Ka8 18. Rhd1 axb5 19. Bb6 Nxb6 20. Rxd8+ Ka7 21. Rc7 g6 22. Rxe7 Bxe7 23. Rxh8 Nc4 24. f4 Nxb2 25. Rxh7 Na4 26.
Rxf7 Bc5 27. e6 Nc3+ 28. Kd3 Nd5 29. Ke4 Ne7 30. g4 Kb6 31. f5 gxf5+ 32. gxf5 Kc6 33. f6 Nc8 34. Rd7 Nd6+ 35. Kf4 Kd5 36. e7 Ke6 37. Rd8 Kxf6 38. e8=Q Nxe8 39. Rxe8 Bd6+ 40. Ke4 Bxh2 41. Kd5 Kf7 42. Re2 Bg1 43. Kd6 b6 44. Kc6 b4 45.
Kd7 Bc5 46. Re6 Bd4 47. Re4 Bc5 48. Kc6 Kf6 49. Kd5 Kf5 50. Re1 Kf4 51. Rc1 Ke3 52. Rxc5 bxc5 53. Kxc5 Ke4 54. Kxb4 Kd5 55. Kb5 Kd6 56.
Kb6 Kd7 57. Kb7 Kd6 58. a4 Kc5 59. a5 Kb5 60. a6 1-0

[Event "Early-Titled-Tuesday-Blitz-October-10-2023"]
[Site "Chess.com"]
[Date "2023.10.10"]
[Round "10"]
[White "Flaccidmoves"]
[Black "ama18"]
[Result "0-1"]
[WhiteElo "2428"]
[BlackElo "2535"]
[TimeControl "180+1"]
[EndTime "9:54:36 PDT"]
[Termination "ama18 won by resignation"]

1. g3 g6 2. Bg2 Bg7 3. Nf3 Nf6 4.
O-O O-O 5. c4 c5 6. Nc3 Nc6 7.
a3 e5 8. d3 d6 9. Rb1 Be6 10.
b4 b6 11. Ng5 Rc8 12. Nxe6 fxe6 13. b5 Ne7 14. Bh3 Qd7 15. Ne4 Nf5 16. a4 Rcd8 17.
a5 d5 18. cxd5 exd5 19. Nxf6+ Bxf6 20. Qb3 Qf7 21. Bb2 Nd4 22. Bxd4 exd4 23. Ra1 c4 24. Qc2 Bg5 25. axb6 axb6 26. Ra6 Rd6 27. Bg2 c3 28. Qb3 Kh8 29. Ra4 Bf6 30. Ra6 Bg7 31.
Qb4 Rf6 32. Bf3 Rxf3 33. exf3 Qxf3 34. Ra7 Qxd3 35. Qe7 Rg8 36. Rc7 Qe4 37. Qd6 d3 38. Qc6 c2 39. Rd7 Qc4 40. Rxd5 Qxc6 41. bxc6 Rc8 42. Rxd3 Bb2 43. Rd2 c1=Q 44. Rxc1 Bxc1 45. Rc2 Ba3 46. Kf1 Bc5 47. Rd2 Rxc6 48. Rd7 b5 49.
Ke2 b4 50. Kd3 Bf8 51. f4 Rb6 52. Rb7 Rxb7 0-1